 Dungeon Sprint DCSS version 0.28-a0-8-g6e044cfa68 (webtiles) character file.

Game seed: 3082341946073351633

152 mhtbhm the Quickloader (level 5, -1/32 HPs)
             Began as a Kobold Hunter on July 24, 2021.
             Was an Initiate of Qazlal.
             Slain by a +2 vorpal trident (5 damage)
             ... in the Dungeon (Sprint V: "Ziggurat Sprint").
             The game lasted 00:01:05 (117 turns).

mhtbhm the Quickloader (Kobold Hunter)               Turns: 117, Time: 00:01:07

Health: -1/32      AC: 25    Str: 10    XL:     5   Next: 60%
Magic:  5/5        EV:  4    Int: 13    God:    Qazlal [......]
Gold:   0          SH:  0    Dex: 15    Spells: 4/4 levels left

rFire   . . .      SeeInvis +   a - +9 heavy crossbow "Sniper" {vorpal, Acc+∞ SInv}
rCold   . . .      Faith    .   (shield currently unavailable)
rNeg    . . .      Spirit   .   b - +15 Maxwell's patent armour {-Cast -Tele rElec Will+ rCorr}
rPois   .          Reflect  .   (no helmet)
rElec   +          Harm     .   (no cloak)
rCorr   +          Rampage  .   (no gloves)
Will    +....      NoTele   +   (no boots) Stlth ..........NoCast +
                                (no amulet)
HPRegen 0.10/turn               (no ring)
MPRegen 0.09/turn               (no ring)

@: no status effects
A: small, no large weapons, nightstalker 3
a: Renounce Religion


You were in the Dungeon.
You worshipped Qazlal.
Qazlal was noncommittal.
You visited 1 branch

Inventory:

Hand Weapons
 a - the +9 heavy crossbow "Sniper" (weapon) {vorpal, Acc+∞ SInv}
   (You found it in the Dungeon)

   Any ammunition fired from it inflicts extra damage upon your enemies.
   Any ammunition fired from it never misses its target.
   SInv:      It lets you see invisible.
Missiles
 d - 18 bolts (quivered ammo)
Armour
 b - the +15 Maxwell's patent armour (worn) {-Cast -Tele rElec Will+ rCorr}
   (You found it in the Dungeon)

   rElec:     It insulates you from electricity.
   -Cast:     It prevents spellcasting.
   -Tele:     It prevents most forms of teleportation.
   rCorr:     It protects you from acid and corrosion.
   Will:      It increases your willpower.
 c - a +0 leather armour
Jewellery
 u - a ring of flight
 v - a +6 ring of dexterity
 w - a +6 ring of dexterity
 x - a +6 ring of intelligence
 y - a +6 ring of intelligence
 z - a +6 ring of strength
 A - a +6 ring of strength
Wands
 B - a wand of mindburst (7)
 C - a wand of iceblast (6)
 D - a wand of acid (7)
Scrolls
 j - 4 scrolls of blinking
 p - 4 scrolls of amnesia
 q - 7 scrolls of fog
 r - a scroll of holy word
 s - 5 scrolls of identify
 t - 2 scrolls of fear
Potions
 e - 10 potions of curing
 f - 10 potions of heal wounds
 g - 6 potions of haste
 h - 7 potions of magic
 i - 3 potions of berserk rage
 k - 2 potions of brilliance
 l - 2 potions of invisibility
 m - 4 potions of resistance
 n - a potion of experience
 o - 5 potions of might


   Skills:
 + Level 3.6 Fighting
 + Level 12.0 Crossbows
 + Level 0.1 Armour
 + Level 4.1 Dodging
 + Level 1.9 Stealth


You had 4 spell levels left.
You didn't know any spells.
Your spell library was empty.

Dungeon Overview and Level Annotations

Branches:
Dungeon (1/1)

Altars:
Hepliaklqana
Kikubaaqudgha
Makhleb
Nemelex Xobeh
Okawaru
Qazlal
Ru
Sif Muna
Trog
Uskayaw
Vehumet
Wu Jian
Xom
Yredelemnul
Zin
Jiyva
Lugonu


Innate Abilities, Weirdness & Mutations

You are small and have problems with some larger weapons.
You are completely attuned to the shadows.


Message History

The sticky flame hits you but does no damage.
You are covered in liquid flames!
The +2 vorpal trident hits you but does no damage. x2
Unknown command.
Fire: 19 bolts
Press: ? - help, Q - select action, (/) - cycle Shift-Dir - straight line, f/p - +2 vorpal trident
Aim: a +2 vorpal trident (moderately damaged, 100% to hit)
Okay, then.
Aiming: Iceblast
Press: ? - help, Shift-Dir - straight line, f - deep elf knight, p - +2 vorpal trident
Aim: a deep elf knight, wielding a +0 war axe of freezing and wearing a +0 buckler The mass of ice explodes!
The iceblast engulfs the deep elf knight!
The deep elf knight is moderately wounded.
The iceblast engulfs the +2 vorpal trident.
The +2 vorpal trident partially resists.
The +2 vorpal trident is heavily damaged.
The iceblast engulfs the deep elf pyromancer!
The deep elf pyromancer is moderately wounded.
You are covered in liquid flames!
The +2 vorpal trident hits you but does no damage.
The deep elf pyromancer casts a spell.
The deep elf pyromancer blinks!
Unknown command.
Unknown command.
Okay, then.
You cannot blink because you are wearing the +15 Maxwell's patent armour {-Cast -Tele rElec Will+ rCorr}.
Unknown command.
Okay, then.
Fire: 19 bolts
Press: ? - help, Q - select action, (/) - cycle Shift-Dir - straight line, f/p - deep elf knight
Aim: a deep elf knight, wielding a +0 war axe of freezing and wearing a +0 buckler (moderately wounded, 100% to hit)
You shoot a bolt. The bolt hits the deep elf knight!!
The deep elf knight is severely wounded.
You are covered in liquid flames!
You are no longer on fire.
The +2 vorpal trident hits you but does no damage.
The +2 vorpal trident hits you from afar!
* * * LOW HITPOINT WARNING * * *
You die...

▓▓▓▓▓▓▓
▓.8©8.▓
▓.)=).▓.....▓
▓..(§.▓.|.).▓
▓e.(..▓.....▓
▓..e..▓.....▓
▓..@..▓..©..▓
▓..©..▓▓▓▓▓▓▓
▓▓▓▓▓▓▓


You could see a deep elf knight, a deep elf pyromancer and a +2 vorpal trident.

Vanquished Creatures
  A golden eye (D)
  A jelly (D)
2 creatures vanquished.

Notes
Turn   | Place    | Note
-------+----------+-------------------------------------------
     0 | D        | mhtbhm the Kobold Hunter began the quest for the Orb.
     0 | D        | Reached XP level 1. HP: 12/12 MP: 1/1
     0 | D        | Found a radiant altar of Vehumet.
     2 | D        | Banished a spatial maelstrom
     8 | D        | Found a sacrificial altar of Ru.
     8 | D        | Found a stormy altar of Qazlal.
     8 | D        | Found a shimmering blue altar of Sif Muna.
     8 | D        | Found an iron altar of Okawaru.
    11 | D        | Found a bloodstained altar of Trog.
    12 | D        | Found a hide-covered altar of Uskayaw.
    13 | D        | Banished a spatial maelstrom
    23 | D        | Found a sparkling altar of Nemelex Xobeh.
    24 | D        | Found the +6 Majin-Bo {vamp, MP+6 Int+6}
    24 | D        | Found the +9 heavy crossbow "Sniper" {vorpal, Acc+∞ SInv}
    24 | D        | Found the +10 dark maul {vorpal}
    24 | D        | Found the +15 Maxwell's patent armour {-Cast -Tele rElec
                  | Will+ rCorr}
    24 | D        | Found the +18 shield of the Gong {rElec rN+ Will+ EV-5}
    24 | D        | Found the +14 obsidian axe {vorpal, Drain Fly SInv}
    24 | D        | Found the +7 great mace "Firestarter" {inner flame, rF++}
    24 | D        | Found the +6 shillelagh "Devastator" {shatter}
    24 | D        | Found the +11 plutonium sword {Contam Stlth-}
    24 | D        | Found the +8 lance "Wyrmbane" {slay drac, rPois rF+ rC+
                  | AC+3}
    24 | D        | Found the +9 sword of Zonguldrok {reap}
    24 | D        | Found the +13 scythe of Curses {drain, Drain}
    24 | D        | Found the +5 sword of Power {vorpal}
    24 | D        | Found the +7 mace of Variability {chain chaos}
    24 | D        | Found the +7 Singing Sword {vorpal, sonic wave}
    24 | D        | Found the +8 storm bow {elec, penet}
    28 | D        | Became a worshipper of Qazlal Stormbringer
    34 | D        | Found an ancient bone altar of Kikubaaqudgha.
    34 | D        | Found a corrupted altar of Lugonu.
    34 | D        | Found a transporter.
    34 | D        | Found a burning altar of Makhleb.
    34 | D        | Found a viscous altar of Jiyva.
    58 | D        | Found a hazy altar of Hepliaklqana.
    60 | D        | Entered arena 2.
    60 | D        | Noticed a golden eye
    60 | D        | Noticed a jelly
    61 | D        | Killed a golden eye
    62 | D        | Reached skill level 11 in Crossbows
    62 | D        | Reached XP level 2. HP: 19/19 MP: 2/2
    62 | D        | Reached XP level 3. HP: 23/23 MP: 3/3
    62 | D        | Reached XP level 4. HP: 28/28 MP: 4/4
    62 | D        | Reached XP level 5. HP: 32/32 MP: 5/5
    64 | D        | Reached skill level 12 in Crossbows
    64 | D        | Found a transporter.
   113 | D        | Entered arena 3.
   114 | D        | Noticed a deep elf knight
   114 | D        | Noticed a +2 vorpal trident
   114 | D        | Noticed a deep elf pyromancer
   117 | D        | Slain by a +2 vorpal trident

Illustrated notes

Levels and vault maps discovered:
D:        sprint_v [room_start, room_1, room_2, room_3, room_4, room_5, room_6,
          room_7, room_8, room_9, room_10, room_11, room_12, room_13, room_14,
          room_15, room_16, room_17, room_18, room_19, room_20, room_21,
          room_22, room_23, room_24, room_25, room_26, room_27]

Skill      XL: |  1  2  3  4  5 |
---------------+----------------+-----
Fighting       | 3 |  3.6
Crossbows      | 11 12 | 12.0
Dodging        | 4 |  4.1
Armour         | |  0.1
Stealth        | |  1.9

Action                   |  1- 3 |  4- 6 || total
-------------------------+-------+-------++-------
 Fire: Heavy crossbow    |     1 |     4 ||     5
Evoke: Wand              |       |     1 ||     1
Armor: Plate armour      |     1 |     8 ||     9

Table legend: (Time is in decaauts)
 A = Elapsed time spent in this place.
 B = Non-inter-level travel time spent in this place.
 C = Inter-level travel time spent in this place.
 D = Time resting spent in this place.
 E = Time spent auto-exploring this place.
 F = Levels seen in this place.
 G = Mean time per level.
                   A        B        C        D        E       F      G
               +--------+--------+--------+--------+--------+-----+--------+
         Total |    121 |    121 |      0 |     38 |      0 |   1 |  121.0 |
       Dungeon |    121 |    121 |      0 |     38 |      0 |   1 |  121.0 |
               +--------+--------+--------+--------+--------+-----+--------+

Top non-repeatable levels by time:
       D: 121 daAuts
